 Dungeon Crawl Stone Soup version 0.22.0-25-g7663229 (console) character file.

420 removed the Stinger (level 6, 0/53 HPs)
             Began as an Ogre Venom Mage on Aug 20, 2018.
             Slain by an orc
             ... wielding a +0 falchion
              (4 damage)
             ... on level 4 of the Dungeon.
             The game lasted 00:09:40 (4229 turns).

removed the Stinger (Ogre Venom Mage)               Turns: 4229, Time: 00:09:41

Health: 0/53       AC:  4    Str: 15    XL:     6   Next: 94%
Magic:  4/11       EV: 10    Int: 16    God:
Gold:   157        SH:  0    Dex:  9    Spells: 6/12 levels left

rFire    . . .     SeeInvis .   l - +0 dagger (curse)
rCold    . . .     Gourm    .   (no shield)
rNeg     + . .     Faith    .   a - +1 robe
rPois    .         Spirit   .   (helmet restricted)
rElec    .         Reflect  .   (no cloak)
rCorr    .         Harm     .   (gloves unavailable)
MR       .....                  (boots unavailable)
Stlth    ++........             (no amulet)
HPRegen  0.17/turn              e - ring of positive energy
MPRegen  0.12/turn              o - ring of stealth

@: flying, very slightly contaminated
A: large, unfitting armour, tough skin 1
a: no special abilities


You were on level 4 of the Dungeon.
You were hungry.

You visited 1 branch of the dungeon, and saw 4 of its levels.

You collected 157 gold pieces.

Inventory:

Hand Weapons
 f - a +0 club
 l - a cursed +0 dagger (weapon)
 t - a +0 flail
Armour
 a - a +1 robe (worn)
Jewellery
 e - a ring of positive energy (left hand)
 o - a ring of stealth (right hand)
Scrolls
 k - a scroll of enchant armour
Potions
 m - 3 potions of curing
 p - 2 potions of heal wounds
 u - a potion of degeneration
Comestibles
 c - 5 rations
 v - 3 chunks of flesh


   Skills:
 - Level 1.7 Dodging
 - Level 1.4 Stealth
 - Level 3.6 Spellcasting
 - Level 4.4 Conjurations
 + Level 4.6 Poison Magic


You had 6 spell levels left.
You knew the following spells:

 Your Spells              Type           Power        Failure   Level  Hunger
a - Sting                 Conj/Pois      ###.         2%          1    None
b - Poisonous Vapours     Pois/Air       ##....       11%         2    ##.....
m - Mephitic Cloud        Conj/Pois/Air  ##......     16%         3    ###....

Your spell library contained the following spells:

 Spells                   Type           Power        Failure   Level  Hunger
 Olgreb's Toxic Radiance  Pois           ###.....     26%         4    ####...
 Venom Bolt               Conj/Pois      ###.......   58%         5    ######.


Dungeon Overview and Level Annotations

Branches:
Dungeon (4/15)
 Temple: D:4-7

Altars:
Elyvilon
Nemelex Xobeh
Ru
Wu Jian

Annotations:
D:3 exclusion: crimson imp


Innate Abilities, Weirdness & Mutations

You are too large for most types of armour.
You have tough skin. (AC +1)


Message History

* * * LOW HITPOINT WARNING * * *
The gnoll is engulfed in poison gas.
The gnoll is poisoned.
The gnoll hits you but does no damage. The orc barely misses you.
The adder bites you but does no damage.
Unknown command.
Casting: Poisonous Vapours (safe; 11% risk of failure)
Confirm with . or Enter, or press ? or * to list all spells.
Aiming: Poisonous Vapours (safe; 11% risk of failure)
Press: ? - help, Dir - move target cursor, f - orc, p - gnoll
Aim: an orc, wielding a hand axe You miscast Poisonous Vapours.
You are very lightly contaminated with residual magic.
You feel sick.
The orc wizard shouts!
The gnoll hits you.
* * * LOW HITPOINT WARNING * * *
Something hits you.
* * * LOW HITPOINT WARNING * * *
The adder closely misses you. The orc hits you with a falchion.
You die...

..
#..........#...........
#.....o....#...........
#..........#...##..##..
#..........#...########
#..........#.......#
#..........#........
#.....o....#...#####
#....S.g...#...##..####
#.....@o...#.......##..
#..........#.......>...
#..........#...######..
#..........#...# #..
#..........#..... #...
#..........#...... #...
#######################


You could see an orc wizard, a gnoll, an adder and 2 orcs.

Vanquished Creatures
  Sigmund (D:3)
  A hound (D:4)
  An iguana (D:4)
  2 adders
  11 gnolls
  An ooze (D:2)
  5 worms
  3 dart slugs
  2 leopard geckos
  4 orcs (D:3)
  A ball python (D:1)
  5 bats
  A giant cockroach (D:2)
  6 goblins
  7 hobgoblins
  3 jackals (D:4)
  3 kobolds (D:3)
  2 quokkas
  2 frilled lizards
  5 rats
66 creatures vanquished.

Notes
Turn   | Place    | Note
-------+----------+-------------------------------------------
     0 | D:1      | removed the Ogre Venom Mage began the quest for the Orb.
     0 | D:1      | Reached XP level 1. HP: 16/16 MP: 3/3
    39 | D:1      | Reached skill level 1 in Conjurations
   459 | D:1      | Reached XP level 2. HP: 22/24 MP: 0/5
   665 | D:1      | Learned a level 2 spell: Poisonous Vapours
  1326 | D:2      | Found an ornate altar of the Wu Jian Council.
  1351 | D:2      | Reached XP level 3. HP: 25/31 MP: 6/6
  1765 | D:2      | Reached XP level 4. HP: 39/39 MP: 4/7
  2199 | D:2      | Reached XP level 5. HP: 38/45 MP: 0/10
  2605 | D:3      | Learned a level 3 spell: Mephitic Cloud
  3590 | D:3      | Found a white marble altar of Elyvilon.
  3593 | D:3      | Noticed Sigmund
  3609 | D:3      | Killed Sigmund
  3609 | D:3      | Reached XP level 6. HP: 46/53 MP: 4/11
  3927 | D:4      | Found a sacrificial altar of Ru.
  4200 | D:4      | Found a sparkling altar of Nemelex Xobeh.
  4229 | D:4      | Slain by an orc

Skill      XL: |  1  2  3  4  5 |
---------------+----------------+-----
Conjurations   | 1 2 4 |  4.4
Poison Magic   | 3 4 |  4.6
Spellcasting   | 3 |  3.6
Dodging        | |  1.7
Stealth        | |  1.4

Action                   |  1- 3 |  4- 6 || total
-------------------------+-------+-------++-------
Melee: Club              |     4 |       ||     4
       Dagger            |     9 |    46 ||    55
 Cast: Sting             |    73 |   129 ||   202
       Poisonous Vapours |       |    14 ||    14
  Use: Scroll            |       |     6 ||     6
       Potion            |       |     3 ||     3
  Eat: Chunk             |     3 |     8 ||    11
Armor: Robe              |     7 |    20 ||    27
Dodge: Dodged            |    15 |    57 ||    72
